 Dungeon Crawl Stone Soup version 0.29-a0-393-g47a863cc1b (webtiles) character file.

Game seed: 4357702875898367242

648 ytrimaz the Chopper (level 7, 0/52 HPs)
             Began as a Demonspawn Gladiator on May 9, 2022.
             Was an Initiate of Ashenzari.
             Killed from afar by a white imp (13 damage)
             ... with a puff of frost
             ... summoned by Eustachio
             ... on level 4 of the Dungeon.
             The game lasted 00:05:22 (5886 turns).

ytrimaz the Chopper (Demonspawn Gladiator)          Turns: 5886, Time: 00:05:22

Health: 0/52       AC: 11    Str: 18    XL:     7   Next: 27%
Magic:  7/7        EV:  8    Int: 10    God:    Ashenzari [......]
Gold:   300        SH:  4    Dex: 14    Spells: 6/6 levels left

rFire   . . .      SeeInvis .   a - +0 war axe
rCold   . . .      Faith    .   (no shield)
rNeg    . . .      Spirit   .   n - +0 chain mail
rPois   .          Reflect  .   (helmet restricted)
rElec   .          Harm     .   c - +0 cloak
rCorr   .          Rampage  .   k - +0 pair of gloves
Will    .....                   (no boots)
Stlth   ..........              (no amulet)
HPRegen 0.17/turn               (no ring)
MPRegen 0.10/turn               (no ring)

@: on berserk cooldown, slowed, very slow
A: horns 2, large bone plates 1, powered by pain 2, sense surroundings 1, strong
1
a: Renounce Religion, Curse Item


You were on level 4 of the Dungeon.
You worshipped Ashenzari.
Ashenzari was noncommittal.
You visited 1 branch of the dungeon, and saw 4 of its levels.
You also visited: Ossuary.

You collected 300 gold pieces.

Inventory:

Hand Weapons
 a - a +0 war axe (weapon)
Missiles
 d - 2 throwing nets (quivered)
 e - a javelin
Armour
 c - a +0 cloak (worn)
 k - a +0 pair of gloves (worn)
 n - a +0 chain mail (worn)
Jewellery
 p - a ring of ice
Wands
 j - a wand of iceblast (11)
Scrolls
 f - a scroll of summoning
 g - 3 scrolls of immolation
 h - 3 scrolls of fog
 i - 4 scrolls of noise
 l - a scroll of torment
 s - 2 scrolls of vulnerability {unknown}
 t - a scroll of teleportation {unknown}
 v - a scroll of magic mapping {unknown}
Potions
 b - a potion of curing
 m - a potion of mutation
 r - 2 potions of flight {unknown}
 u - 2 potions of might {unknown}


   Skills:
 + Level 3.3 Fighting
 + Level 5.8 Axes
 - Level 2.0 Throwing
 * Level 3.5 Armour
 - Level 3.2 Dodging
 - Level 0.4 Shields


You had 6 spell levels left.
You didn't know any spells.
Your spell library contained the following spells:

 Spells                   Type           Power      Damage    Failure   Level
 Freeze                   Ice            0%         1d3       99%         1
 Shock                    Conj/Air       0%         1d3       99%         1
 Frozen Ramparts          Ice            0%         1d2       100%        3
 Swiftness                Air            0%         N/A       100%        3
 Airstrike                Air            0%         N/A       100%        4
 Hailstorm                Conj/Ice       0%         3d3       100%        4


Dungeon Overview and Level Annotations

Branches:
Dungeon (4/15)             Temple (0/1) D:4         Ossuary (visited)

Altars:
Ashenzari
Dithmenos
Fedhas
Makhleb
Okawaru
Xom
Zin

Annotations:
D:4 1 runed translucent door, Crazy Yiuf, Eustachio


Innate Abilities, Weirdness & Mutations

You have a pair of horns on your head.
You are partially covered in large bone plates. (SH +4)
You sometimes gain power by taking damage.
You passively map a small area around you.
Your muscles are strong. (Str +2)


Message History

The white imp disappears in a puff of smoke!
The white imp gestures at you.
The puff of frost hits you but does no damage.
Unknown command.
You slash the iron imp! You headbutt the iron imp.
You kill the iron imp!
The iron imp disappears in a puff of smoke!
The crimson imp shouts, "Go and return not, thou droning spleeny dingleberry!"
You barely miss Eustachio. You hit the white imp but do no damage.
You block Eustachio's attack.
You slash Eustachio!
Eustachio is moderately wounded.
You slash the white imp! The white imp gestures at you.
The puff of frost hits you!
Eustachio mumbles some strange words.
Eustachio blinks!
You block the white imp's attack.
The crimson imp hits you but does no damage.
You feel a strong urge to attack something.
You are no longer berserk.
You are exhausted.
You feel yourself slow down. The white imp gestures at you.
The puff of frost misses you. You block the crimson imp's attack.
Unknown command.
The crimson imp attacks as you move away!
The crimson imp hits you.
Eustachio hits you with a +0 falchion of flaming.
* * * LOW HITPOINT WARNING * * *
Eustachio burns you.
* * * LOW HITPOINT WARNING * * *
Eustachio mumbles some strange words.
You hit Eustachio but do no damage.
Eustachio is moderately wounded.
You barely miss the crimson imp. You hit the white imp but do no damage.
The crimson imp disappears in a puff of smoke!
The white imp gestures at you. The puff of frost hits you!
You die...

* ###5........####....
, ##5......## #..#. *
* ##.....## #.##.
##.5[## #.... ##5##
####. ### ♣♣#####)# #.
#)..#* ♣..#.##.### #.
#...+.♣♣♣♣♣.5..5....##
#. , ♣..♣...§@@5.....#
♣♣♣.♣...##......# * ,
♣♣♣♣♣####........ ,
#.....### * * #.....#
, , .....## #.##.# #..
.#


You could see Eustachio, a crimson imp (summoned), a white imp (summoned) and an
ufetubus (summoned).

Vanquished Creatures
  Grinder (D:4)
  A human zombie (Ossuary)
  An orc priest (D:3)
  Ijyb (D:4)
  An iguana (D:4)
  2 orc wizards (D:4)
  4 hound zombies (Ossuary)
  4 mummies (Ossuary)
  4 gnolls (D:4)
  4 adders
  An adder zombie (Ossuary)
  3 worms
  5 dart slugs
  9 orcs
  5 endoplasms
  2 giant cockroaches
  2 gnoll zombies (Ossuary)
  8 goblins
  8 hobgoblins
  4 jackals (D:1)
  2 quokkas (D:1)
  10 ball pythons
  7 bats
  A goblin zombie (Ossuary)
  2 jackal zombies (Ossuary)
  12 kobolds
  An orc zombie (Ossuary)
  9 rats
114 creatures vanquished.

Vanquished Creatures (others)
  5 fungi (D:4)
  6 plants (D:3)
11 creatures vanquished.

Grand Total: 125 creatures vanquished

Notes
Turn   | Place    | Note
-------+----------+-------------------------------------------
     0 | D:1      | ytrimaz the Demonspawn Gladiator began the quest for the
                  | Orb.
     0 | D:1      | Reached XP level 1. HP: 16/16 MP: 1/1
   422 | D:1      | Reached skill level 3 in Axes
   422 | D:1      | Gained mutation: You are partially covered in large bone
                  | plates. (SH +4) [demonic ancestry]
   422 | D:1      | Reached XP level 2. HP: 14/22 MP: 2/2
   567 | D:1      | Found a faded altar of an unknown god.
  1505 | D:1      | Gained mutation: You sometimes gain a little power by
                  | taking damage. [demonic ancestry]
  1505 | D:1      | Reached XP level 3. HP: 27/27 MP: 3/3
  2136 | D:2      | Reached XP level 4. HP: 9/34 MP: 4/4
  3167 | D:3      | Reached skill level 4 in Axes
  3280 | D:3      | Found a broken altar of Ashenzari.
  3304 | D:3      | Became a worshipper of Ashenzari the Shackled
  3398 | D:3      | Found a large runed translucent door.
  3398 | D:3      | Found a large runed translucent door.
  3588 | D:3      | Gained mutation: You sometimes gain power by taking damage.
                  | [demonic ancestry]
  3588 | D:3      | Reached XP level 5. HP: 34/39 MP: 5/5
  3688 | D:3      | Reached skill level 1 in Armour
  4098 | D:3      | Found a burning altar of Makhleb.
  4108 | D:3      | Found an iron altar of Okawaru.
  4682 | D:4      | Found a sand-covered staircase.
  4693 | Ossuary  | Entered an ossuary
  4716 | Ossuary  | Gained mutation: You have a pair of small horns on your
                  | head. [demonic ancestry]
  4716 | Ossuary  | Reached XP level 6. HP: 24/46 MP: 6/6
  4873 | Ossuary  | Reached skill level 5 in Axes
  5439 | D:4      | Found a staircase to the Ecumenical Temple.
  5474 | D:4      | Found a blossoming altar of Fedhas.
  5475 | D:4      | Found a shadowy altar of Dithmenos.
  5477 | D:4      | Found a shimmering altar of Xom.
  5732 | D:4      | Noticed Grinder
  5755 | D:4      | Paralysed by Grinder for 5 turns
  5785 | D:4      | Killed Grinder
  5786 | D:4      | Gained mutation: You have a pair of horns on your head.
                  | [demonic ancestry]
  5786 | D:4      | Reached XP level 7. HP: 29/52 MP: 7/7
  5808 | D:4      | Noticed Ijyb
  5837 | D:4      | Killed Ijyb
  5854 | D:4      | Noticed Eustachio
  5868 | D:4      | Found a runed translucent door.
  5869 | D:4      | Noticed Crazy Yiuf
  5870 | D:4      | Gained mutation: Your muscles are strong. (Str +2) [potion
                  | of mutation]
  5870 | D:4      | Gained mutation: You passively map a small area around you.
                  | [potion of mutation]
  5886 | D:4      | Killed from afar by a white imp

Illustrated notes

Levels and vault maps discovered:
D:1:      tarquinn_simple_flora_water_b, layout_basic,
          ebering_ecumenical_altar_webs
D:2:      layout_basic, skrybe_limestone_x
D:3:      layout_basic, mainiacjoe_overflow_surrounded_room,
          jmf_multi_god_temple2, lexackson_kobold_supper
D:4:      layout_loops_corners, old_standard_altar, grunt_temple_overflow_open,
          minmay_temple_entry_offerings, nicolae_ossuary_entry_monument,
          uniq_grinder, uniq_ijyb, uniq_crazy_yiuf_cottage, uniq_eustachio

Skill      XL: |  1  2  3  4  5  6 |
---------------+-------------------+-----
Axes           | 3 4 5 |  5.8
Dodging        | 3 |  3.2
Throwing       | 2 |  2.0
Armour         | 2 3 |  3.5
Fighting       | 3 |  3.3
Shields        | |  0.4

Action                   |  1- 3 |  4- 6 |  7- 9 || total
-------------------------+-------+-------+-------++-------
Melee: War axe           |   123 |   220 |    41 ||   384
       Headbutt          |       |    13 |     4 ||    17
Throw: Throwing net      |       |     2 |       ||     2
  Use: Scroll            |     4 |     4 |       ||     8
       Potion            |     1 |     4 |     5 ||    10
 Stab: Sleeping          |     3 |     1 |       ||     4
Armor: Leather armour    |    43 |     9 |       ||    52
       Chain mail        |       |   161 |    12 ||   173
       Skin              |       |       |    19 ||    19
Dodge: Dodged            |    81 |   104 |     7 ||   192
Block: Other             |    15 |    54 |     6 ||    75

Table legend: (Time is in decaauts)
 A = Elapsed time spent in this place.
 B = Non-inter-level travel time spent in this place.
 C = Inter-level travel time spent in this place.
 D = Time resting spent in this place.
 E = Time spent auto-exploring this place.
 F = Levels seen in this place.
 G = Mean time per level.
                   A        B        C        D        E       F      G
               +--------+--------+--------+--------+--------+-----+--------+
         Total |   5991 |   5891 |    100 |    599 |   4152 |   5 | 1198.2 |
       Dungeon |   5357 |   5257 |    100 |    234 |   4019 |   4 | 1339.2 |
       Ossuary |    633 |    633 |      0 |    365 |    133 |   1 |  633.0 |
               +--------+--------+--------+--------+--------+-----+--------+

Top non-repeatable levels by time:
     D:1: 1627 daAuts
     D:3: 1392 daAuts
     D:2: 1266 daAuts
     D:4: 1070 daAuts
 Ossuary: 633 daAuts
